 Dungeon Crawl Stone Soup version 0.22-a0-280-g69bf1f3 (webtiles) character file.

373 galech the Ruffian (level 6, -1/62 HPs)
             Began as a Troll Monk on Mar 16, 2018.
             Slain by Grinder (4 damage)
             ... on level 4 of the Dungeon.
             The game lasted 00:03:54 (2143 turns).

galech the Ruffian (Troll Monk)                     Turns: 2143, Time: 00:03:55

Health: -1/62      AC:  5    Str: 22    XL:     6   Next: 43%
Magic:  5/5        EV: 11    Int:  6    God:
Gold:   182        SH:  0    Dex: 12    Spells: 5/5 levels left

rFire    . . .     SeeInvis .     - Unarmed
rCold    . . .     Gourm    +   (no shield)
rNeg     . . .     Faith    .   a - +0 robe
rPois    .         Spirit   .   (helmet restricted)
rElec    .         Reflect  .   (no cloak)
rCorr    .         Harm     .   (gloves unavailable)
MR       .....                  (boots unavailable)
Stlth    ++........             (no amulet)
HPRegen  0.60/turn              c - ring of wizardry
MPRegen  0.09/turn              (no ring)

@: no status effects
A: large, unfitting armour, claws 3, fast metabolism 3, gourmand, regeneration
1, shaggy fur 1, tough skin 2
a: no special abilities


You were on level 4 of the Dungeon.
You were completely stuffed.

You visited 1 branch of the dungeon, and saw 4 of its levels.

You collected 182 gold pieces.

Inventory:

Armour
 a - a +0 robe (worn)
Jewellery
 c - a ring of wizardry (left claw)
 l - a cursed -3 ring of evasion {unknown}
Scrolls
 d - a scroll of enchant armour {unknown}
 e - a scroll of magic mapping {unknown}
 f - 3 scrolls of teleportation {unknown}
 g - a scroll of random uselessness {unknown}
 h - a scroll of remove curse {unknown}
 k - 2 scrolls of identify {unknown}
 m - a scroll of enchant weapon {unknown}
 n - a scroll of blinking {unknown}
 o - a scroll of immolation {unknown}
Potions
 i - a potion of agility {unknown}
Comestibles
 b - 2 rations


   Skills:
 + Level 3.8 Fighting
 + Level 4.0 Dodging
 - Level 1.1 Stealth
 + Level 4.9 Unarmed Combat


You had 5 spell levels left.
You didn't know any spells.

Dungeon Overview and Level Annotations

Branches:
Dungeon (4/15)
 Temple: D:4-7

Altars:
Gozag
Ru

Annotations:
D:4 Grinder


Innate Abilities, Weirdness & Mutations

You are too large for most types of armour.
You have claws for hands.
Your metabolism is lightning-fast.
You like to eat raw meat.
Your natural rate of healing is unusually fast.
You are covered in fur. (AC +1)
You have very tough skin. (AC +2)


Message History

* * * LOW HITPOINT WARNING * * *
You writhe in agony.
* * * LOW HITPOINT WARNING * * *
You barely miss Grinder.
Grinder is moderately wounded.
Grinder hits you but does no damage.
You claw Grinder!
Grinder is heavily wounded.
Grinder hits you.
* * * LOW HITPOINT WARNING * * *
You writhe in agony.
* * * LOW HITPOINT WARNING * * *
You closely miss Grinder.
Grinder is heavily wounded.
Grinder closely misses you.
Unknown command.
You barely miss Grinder.
Grinder is heavily wounded.
Grinder hits you.
You die...

##+##
##...##
##.@<..##
#..5....#
#.........#
+......[..+
#.........#
##....?..##
##.....##
##...##
##+##


You could see Grinder.

Vanquished Creatures
  A sky beast (D:3)
  2 orc priests (D:3)
  2 orc wizards (D:3)
  Terence (D:2)
  6 adders
  2 worms (D:2)
  2 dart slugs
  2 leopard geckos
  9 orcs (D:3)
  A giant cockroach (D:3)
  6 goblins
  8 hobgoblins
  14 jackals
  6 kobolds
  3 quokkas (D:2)
  6 bats
  5 rats
76 creatures vanquished.

Notes
Turn   | Place    | Note
-------+----------+-------------------------------------------
     0 | D:1      | galech the Troll Monk began the quest for the Orb.
     0 | D:1      | Reached XP level 1. HP: 22/22 MP: 0/0
   179 | D:1      | Reached XP level 2. HP: 29/29 MP: 1/1
   540 | D:1      | Reached XP level 3. HP: 36/36 MP: 2/2
   758 | D:2      | Found a sacrificial altar of Ru.
   827 | D:2      | Noticed Terence
   834 | D:2      | Killed Terence
   834 | D:2      | Reached XP level 4. HP: 44/44 MP: 3/3
  1414 | D:2      | Found an opulent altar of Gozag.
  1670 | D:3      | Reached XP level 5. HP: 49/53 MP: 4/4
  1769 | D:3      | Noticed a sky beast
  1813 | D:3      | Killed a sky beast
  1813 | D:3      | Reached XP level 6. HP: 40/61 MP: 5/5
  1867 | D:3      | Noticed Grinder
  2116 | D:3      | Paralysed by Grinder for 7 turns
  2130 | D:4      | Paralysed by Grinder for 6 turns
  2141 | D:4      | HP: 3/62 [Grinder (5)]
  2143 | D:4      | Slain by Grinder

Vault maps used:
D:1:      dpeg_arrival_rooms_b
D:2:      lemuel_coloured_pillars_altar, nicolae_ru_awakened_eye, uniq_terence
D:3:      uniq_grinder, uniq_sigmund
D:4:      ashenzari_conservatory_becter, first_ration, serial_shops,
          nicolae_shop_stone, nicolae_shop_waterfront, nicolae_shop_trees,
          kennysheep_mini_moat

Skill      XL: |  1  2  3  4  5  6 |
---------------+-------------------+-----
Dodging        | 3 4 |  4.0
Unarmed Combat | 4 |  4.9
Fighting       | 3 |  3.8
Stealth        | |  1.1

Action                   |  1- 3 |  4- 6 || total
-------------------------+-------+-------++-------
Melee: Unarmed           |    82 |   162 ||   244
       Punch             |     2 |     3 ||     5
 Stab: Sleeping          |     1 |     3 ||     4
  Eat: Chunk             |    13 |    12 ||    25
Armor: Robe              |    19 |    66 ||    85
Dodge: Dodged            |    48 |   125 ||   173

Table legend:
 A = Spawn XP
 B = Non-spawn XP
 C = Spawn XP percentage of total XP
 D = Spawn monster count
 E = Non-spawn monster count
 F = Spawn count percentage of total count
 G = Total turns spent on level
                    A         B        C        D         E        F      G
               +---------+---------+-------+---------+---------+-------+---------
         Total |       0 |     534 |   0.0 |       0 |      76 |   0.0 |  2143
               +---------+---------+-------+---------+---------+-------+---------
           D:1 |       0 |      42 |   0.0 |       0 |      22 |   0.0 |   717
           D:2 |       0 |     144 |   0.0 |       0 |      27 |   0.0 |   895
           D:3 |       0 |     335 |   0.0 |       0 |      26 |   0.0 |   311
           D:4 |       0 |      13 |   0.0 |       0 |       1 |   0.0 |   220
               +---------+---------+-------+---------+---------+-------+---------
